 Dungeon Crawl Stone Soup version 0.23-a0-393-g6e9e0f2 (webtiles) character file.

24120 nixmar the Warrior (level 12, 0/187 HPs)
             Began as a Minotaur Fighter on Oct 31, 2018.
             Was an Initiate of Gozag.
             Slain by a minotaur
             ... wielding a +1 eveningstar of draining
              (5 damage)
             ... in a labyrinth on Nov 1, 2018.
             The game lasted 00:49:08 (13894 turns).

nixmar the Warrior (Minotaur Fighter)              Turns: 13894, Time: 00:49:08

Health: 0/187      AC: 27    Str: 25    XL:     12   Next: 77%
Magic:  11/11      EV:  2    Int:  5    God:    Gozag
Gold:   751        SH: 11    Dex: 11    Spells: 11/11 levels left

rFire    . . .     SeeInvis .   b - +2 flail (protect)
rCold    . . .     Gourm    .   c - +0 shield
rNeg     + + +     Faith    .   (armour currently unavailable)
rPois    +         Spirit   .   (helmet currently unavailable)
rElec    .         Reflect  .   (cloak currently unavailable)
rCorr    .         Harm     .   (gloves currently unavailable)
MR       .....     NoTele   +   (boots currently unavailable)
Stlth    +.........             (no amulet)
HPRegen  0.41/turn              (no ring)
MPRegen  0.12/turn              A - +2 ring of protection

@: tree-form, corroded, protection aura, drained
A: (retaliatory headbutt)
a: Potion Petition, Call Merchant, Bribe Branch, Renounce Religion


You were in a labyrinth.
You worshipped Gozag.
Gozag was pleased with you.
You were not hungry.
You were a tree.
You visited 3 branches of the dungeon, and saw 15 of its levels.
You also visited: Labyrinth.

You collected 2690 gold pieces.
You spent 218 gold pieces at shops.
You paid 1721 gold pieces to Gozag.

Inventory:

Hand Weapons
 b - a +2 flail of protection (weapon)
Missiles
 I - 7 javelins (quivered) {@Q2}
Armour
 c - a +0 shield (worn)
 i - the +2 chain mail "Anaan" (melded) {*Corrode Regen+ Str+4 SInv}
   (You found it on level 4 of the Dungeon)

   It affects your strength (+4).
   It lets you see invisible.
   It increases your rate of regeneration.
   It may corrode you when you take damage.
 s - a +1 pair of gloves (melded)
 t - a +0 hat of magic resistance (melded)
 u - a scarf of resistance (melded)
 F - the +0 pair of boots "Bifoefesk" (melded) {rN+}
   (You bought it in a shop on level 9 of the Dungeon)

   It protects you from negative energy.
Jewellery
 a - a +3 ring of strength
 l - an uncursed ring of flight
 A - a +2 ring of protection (right branch)
Wands
 D - a wand of digging (18) {@v1}
 H - a wand of paralysis (7) {@v7}
 K - a wand of clouds (7) {@v3}
Scrolls
 f - 4 scrolls of remove curse {@r3}
 k - a scroll of fog
 m - 3 scrolls of enchant armour
 r - 5 scrolls of amnesia
 x - 2 scrolls of noise
 R - 2 scrolls of identify {@r1}
 T - 7 scrolls of teleportation {!r, @r2}
Potions
 d - a potion of might {@q4}
 g - 4 potions of haste {@q3,}
 h - 2 potions of cancellation
 j - 2 potions of invisibility
 n - 2 potions of mutation {!q}
 o - a potion of resistance {@q6}
 p - a potion of lignification
 q - a potion of magic
 v - 2 potions of ambrosia
 J - 4 potions of flight
 L - 7 potions of curing {@q1}
Miscellaneous
 w - a phial of floods (inert)
Comestibles
 e - 13 rations


   Skills:
 + Level 17.5(16.0) Fighting
 - Level 14.0(12.6) Maces & Flails
 + Level 8.9(7.7) Armour
 + Level 8.9(7.7) Shields


You had 11 spell levels left.
You didn't know any spells.
Your spell library contained the following spells:

 Spells                   Type           Power        Failure   Level  Hunger
 Animate Skeleton         Necr           N/A          80%         1    ##.....
 Pain                     Necr           #...         80%         1    ##.....
 Regeneration             Chrm/Necr      #.........   99%         3    ####...
 Vampiric Draining        Necr           #.........   99%         3    ####...
 Animate Dead             Necr           N/A          100%        4    #####..
 Irradiate                Conj/Tmut      #.........   100%        5    ######.
 Hydra Form               Tmut           #.........   100%        6    #######
 Statue Form              Tmut/Erth      #........    100%        6    #######
 Dragon Form              Tmut           #.........   100%        7    #######


Dungeon Overview and Level Annotations

Branches:
Dungeon (11/15)            Temple (1/1) D:5            Lair (3/6) D:11
 Shoals (0/4) Lair:3       Spider (0/4) Lair:2          Orc (0/2) D:10

Altars:
Ashenzari
Cheibriados
Dithmenos
Elyvilon
Fedhas
Gozag
Hepliaklqana
Kikubaaqudgha
Makhleb
Nemelex Xobeh
Okawaru
Qazlal
Ru
Sif Muna
Trog
Uskayaw
Vehumet
Wu Jian
Xom
Yredelemnul
Zin
The Shining One

Shops:
D:7 %   D:9 *   Lair:1 !


Innate Abilities, Weirdness & Mutations

((You reflexively headbutt those who attack you in melee.))
((You have a pair of horns on your head.))


Message History

You feel less resistant to hostile enchantments.
Your roots penetrate the ground.
You block the minotaur's attack.
The minotaur gores you but does no damage.
You hit the minotaur but do no damage.
The minotaur is severely wounded.
You block the minotaur's attack.
The minotaur gores you but does no damage.
You hit the minotaur but do no damage.
The minotaur is severely wounded.
The minotaur hits you but does no damage.
You block the minotaur's attack.
You hit the minotaur.
The minotaur is severely wounded.
You hit the minotaur but do no damage.
The minotaur is severely wounded.
The minotaur hits you with a +1 eveningstar of draining!
* * * LOW HITPOINT WARNING * * *
The minotaur gores you.
You die...
Your body crumbles into a pile of gold.

. . . .. #
###.# #.###
#. ... .....
.# #..# ###
### #.. #.#
.. # #.
.#.###
..#.#.#<#.#.
#. . .
.#H#.#.. # .
..# #.#♣#. .
# ###
#.#.(.# #.#
# ..
#####.#....
# .. . . .#
. # . ## ##
# . # # . .
... . . ###
## # #. ..
#. .. #. . .
#. #### ## #
# #. #. # #
. .


You could see a minotaur.

Vanquished Creatures
  Gastronok (Lair:2)
  Fannar (D:10)
  2 hydras
  A two-headed ogre (D:11)
  Nergalle (D:10)
  Pikel (D:6)
  2 oklob plants (Lair:2)
  A manticore (D:11)
  An ugly thing (D:11)
  4 elephants (Lair:2)
  4 spiny frogs
  Joseph (D:10)
  A torpor snail (Lair:2)
  A rime drake (Lair:1)
  2 komodo dragons (Lair:2)
  A merfolk (D:10)
  A troll (D:11)
  A polar bear (Lair:3)
  8 blink frogs (Lair:3)
  8 hippogriffs
  3 wyverns
  A basilisk (Lair:1)
  14 yaks
  Eustachio (D:6)
  3 hungry ghosts
  Menkaure (D:7)
  2 wargs (D:11)
  2 porcupines
  A water moccasin (Lair:3)
  2 black bears (D:9)
  5 ice beasts
  3 slaves (D:6)
  A phantom (D:4)
  2 sky beasts
  An eye of draining (D:11)
  2 orc warriors
  9 ogres
  4 wolves (Lair:3)
  9 centaurs
  3 crocodiles
  A big kobold (D:10)
  Blork the orc (D:6)
  14 bullfrogs
  A gnoll sergeant (D:9)
  A wyvern skeleton (D:10)
  7 scorpions
  A water moccasin skeleton (D:4)
  5 wights (D:9)
  A howler monkey (D:8)
  2 bullfrog zombies (D:10)
  4 crimson imps
  4 jellies
  8 hounds
  3 orc priests
  Crazy Yiuf (D:2)
  3 iguanas
  3 bullfrog skeletons
  4 orc wizards
  7 worker ants
  A hound zombie (D:6)
  Robin (D:2)
  15 gnolls
  3 howler monkey skeletons
  4 adders
  4 shadow imps
  An ooze (D:6)
  3 worms
  2 dart slugs (D:2)
  3 leopard geckos
  38 orcs
  12 giant cockroaches
  16 goblins
  6 hobgoblins
  7 jackals
  A quokka (D:5)
  8 bats
  6 frilled lizards
  15 kobolds
  4 leopard gecko skeletons
  A leopard gecko zombie (D:5)
  5 rats
  A plant (Lair:2)
340 creatures vanquished.

Vanquished Creatures (others)
  2 fungi (Lair:3)
  2 plants
4 creatures vanquished.

Grand Total: 344 creatures vanquished

Notes
Turn   | Place    | Note
-------+----------+-------------------------------------------
     0 | D:1      | nixmar the Minotaur Fighter began the quest for the Orb.
     0 | D:1      | Reached XP level 1. HP: 19/19 MP: 0/0
   300 | D:1      | Reached XP level 2. HP: 26/26 MP: 1/1
  1048 | D:2      | Reached XP level 3. HP: 27/31 MP: 2/2
  1456 | D:2      | Reached skill level 5 in Maces & Flails
  1635 | D:2      | Noticed Robin
  1640 | D:2      | Reached XP level 4. HP: 36/39 MP: 3/3
  1732 | D:2      | Killed Robin
  1924 | D:2      | Found a runed door.
  1928 | D:2      | Noticed Crazy Yiuf
  1936 | D:2      | HP: 1/39 [Crazy Yiuf/+4 quarterstaff of chaos (5)]
  1937 | D:2      | Killed Crazy Yiuf
  2462 | D:3      | Reached XP level 5. HP: 45/45 MP: 4/4
  2938 | D:4      | Noticed a phantom
  2990 | D:4      | Reached XP level 6. HP: 28/51 MP: 5/5
  3466 | D:4      | Got a jewelled chain mail
  3483 | D:4      | Reached XP level 7. HP: 54/57 MP: 6/6
  3542 | D:4      | Identified the +2 chain mail "Anaan" {*Corrode Regen+ Str+4
                  | SInv} (You found it on level 4 of the Dungeon)
  3618 | D:4      | Reached skill level 4 in Fighting
  3996 | D:5      | Entered Level 5 of the Dungeon
  4198 | D:5      | Reached skill level 5 in Fighting
  4202 | D:5      | Reached skill level 10 in Maces & Flails
  4246 | D:5      | Reached XP level 8. HP: 68/70 MP: 7/7
  4281 | D:5      | Reached skill level 6 in Fighting
  4470 | D:5      | Found a staircase to the Ecumenical Temple.
  4479 | Temple   | Entered the Ecumenical Temple
  4605 | Temple   | Became a worshipper of Gozag Ym Sagoz the Greedy
  4841 | D:6      | Reached skill level 7 in Fighting
  5035 | D:6      | Noticed Blork the orc
  5052 | D:6      | Killed Blork the orc
  5052 | D:6      | Reached skill level 8 in Fighting
  5167 | D:6      | Found an ornate altar of the Wu Jian Council.
  5306 | D:6      | Noticed Eustachio
  5316 | D:6      | Killed Eustachio
  5316 | D:6      | Reached XP level 9. HP: 82/82 MP: 8/8
  5449 | D:6      | Found an iron altar of Okawaru.
  5454 | D:6      | Found a deep blue altar of Sif Muna.
  5501 | D:6      | Noticed Pikel
  5550 | D:6      | Killed Pikel
  5550 | D:6      | Reached skill level 9 in Fighting
  5807 | D:7      | Found Tuaripnuo's Food Shop.
  5980 | D:7      | Found an ancient bone altar of Kikubaaqudgha.
  6046 | D:7      | Noticed Menkaure
  6050 | D:7      | Killed Menkaure
  6098 | D:7      | Reached skill level 10 in Fighting
  7015 | D:9      | Reached XP level 10. HP: 80/94 MP: 9/9
  7063 | D:9      | Reached skill level 11 in Fighting
  7114 | D:9      | Found a white marble altar of Elyvilon.
  7175 | D:9      | Found a bloodstained altar of Trog.
  7205 | D:9      | Found a snail-covered altar of Cheibriados.
  7333 | D:9      | Found a burning altar of Makhleb.
  7334 | D:9      | Found a hide-covered altar of Uskayaw.
  7338 | D:9      | Found a stormy altar of Qazlal.
  7339 | D:9      | Found a sacrificial altar of Ru.
  7340 | D:9      | Found a sparkling altar of Nemelex Xobeh.
  7378 | D:9      | Bought a pair of transparent boots for 218 gold pieces
  7388 | D:9      | Identified the +0 pair of boots "Bifoefesk" {rN+} (You
                  | bought it in a shop on level 9 of the Dungeon)
  7850 | D:9      | Found a basalt altar of Yredelemnul.
  7918 | D:9      | Reached skill level 12 in Fighting
  7994 | D:10     | Entered Level 10 of the Dungeon
  8126 | D:10     | Noticed Fannar
  8141 | D:10     | Killed Fannar
  8141 | D:10     | Reached skill level 13 in Fighting
  8243 | D:10     | Found a staircase to the Orcish Mines.
  8446 | D:10     | Noticed Joseph
  8451 | D:10     | Noticed Nergalle
  8472 | D:10     | Killed Joseph
  8486 | D:10     | Killed Nergalle
  8488 | D:10     | Reached skill level 14 in Fighting
  8696 | D:10     | Reached XP level 11. HP: 92/110 MP: 10/10
  8972 | D:11     | Found a blossoming altar of Fedhas.
  9016 | D:11     | Noticed a seven-headed hydra
  9078 | D:10     | Killed a seven-headed hydra
  9243 | D:11     | Got a faintly humming ring mail
  9254 | D:11     | Identified the +4 ring mail of Mutualism {rElec SInv} (You
                  | found it on level 11 of the Dungeon)
  9287 | D:11     | Found a staircase to the Lair.
  9395 | D:11     | Reached skill level 15 in Fighting
  9591 | D:11     | Noticed a two-headed ogre
  9600 | D:11     | Killed a two-headed ogre
  9847 | D:11     | Noticed a cyan ugly thing
  9863 | D:11     | Killed a cyan ugly thing
  9871 | D:11     | Reached skill level 16 in Fighting
 10170 | Lair:1   | Entered Level 1 of the Lair of Beasts
 10435 | Lair:1   | Reached skill level 5 in Armour
 10435 | Lair:1   | Reached skill level 5 in Shields
 11317 | Lair:2   | Noticed an oklob plant
 11317 | Lair:2   | Noticed an oklob plant
 11331 | Lair:2   | Reached XP level 12. HP: 96/124 MP: 11/11
 11378 | Lair:2   | HP: 3/124 [acid (15)]
 12037 | Lair:2   | Noticed Gastronok
 12049 | Lair:2   | Killed Gastronok
 12261 | Lair:2   | Reached skill level 17 in Fighting
 12262 | Lair:2   | Found a hole to the Spider Nest.
 12833 | Lair:3   | Noticed a six-headed hydra
 12843 | Lair:3   | Killed a six-headed hydra
 12968 | Lair:3   | Found a staircase to the Shoals.
 12975 | Lair:3   | Found a labyrinth entrance.
 13017 | Lab      | Entered a labyrinth
 13873 | Lab      | Noticed a minotaur
 13894 | Lab      | HP: 5/187 [minotaur/+1 eveningstar of draining (16)]
 13894 | Lab      | Slain by a minotaur

Vault maps used:
D:1:      psy_arrival_basics, serial_glass, glass_columns_b, glass_columns_c,
          hangedman_glass_teeth, minivault_25, lemuel_another_geyser
D:2:      minmay_roachtagon, uniq_robin, uniq_crazy_yiuf_cottage
D:3:      chequers_arboretum
D:4:      first_ration
D:5:      minmay_temple_entry_crystal_x, st_stairs_1
D:6:      minitemple, kennysheep_path_1, nicolae_zen_rock_garden,
          uniq_eustachio, uniq_blork_the_orc, uniq_pikel
D:7:      overflow_temple_1_default, serial_shops, shop_statue, uniq_menkaure
D:9:      kennysheep_ying_yang, grunt_temple_overflow_open
D:10:     orc_0_dummy, hangedman_fish_farm, uniq_fannar, uniq_joseph,
          uniq_nergalle
D:11:     erik_lair_orcish_takeover, basic_altar, st_stairs_12,
          grunt_ministairs_5
Temple:   nicolae_temple_figure_zero
Lair:2:   spider_nest_entry_web_field, minmay_lair_oklob_chamber, uniq_gastronok
Lair:3:   elwin_shoals_entry_rocks, lab_entry_generic
Lab:      labyrinth_spiral, nicolae_lab_big_swirl

Skill      XL: |  1  2  3  4  5  6  7  8  9 10 11 12 |
---------------+-------------------------------------+-----
Maces & Flails | 3 4 5 6 7 9 10 11 13 14 | 14.0
Fighting       | 5 8 10 14 16 17 | 17.5
Armour         | 5 8 |  8.9
Shields        | 5 8 |  8.9

Action                   |  1- 3 |  4- 6 |  7- 9 | 10-12 || total
-------------------------+-------+-------+-------+-------++-------
Melee: Whip              |   138 |    62 |       |       ||   200
       Flail             |     8 |     4 |   248 |   618 ||   878
       Headbutt          |    21 |    26 |    59 |   170 ||   276
       Mace              |       |   105 |       |       ||   105
Throw: Tomahawk          |     1 |     5 |     6 |     6 ||    18
       Javelin           |       |       |     7 |    24 ||    31
       Throwing net      |       |       |       |     1 ||     1
Invok: Call Merchant     |       |       |       |     2 ||     2
Evoke: Wand              |       |       |       |    28 ||    28
       Sack of spiders   |       |       |       |     3 ||     3
       Phial of floods   |       |       |       |     1 ||     1
  Use: Potion            |       |     3 |       |     6 ||     9
       Scroll            |       |       |    15 |     8 ||    23
 Stab: Distracted        |       |       |       |     3 ||     3
       Paralysed         |       |       |       |     3 ||     3
  Eat: Chunk             |     2 |     1 |     4 |       ||     7
       Ration            |       |     2 |     4 |     7 ||    13
Armor: Scale mail        |    55 |    35 |       |       ||    90
       Chain mail        |       |     4 |    99 |   267 ||   370
       Skin              |       |       |       |    70 ||    70
Dodge: Dodged            |    35 |    34 |    37 |   111 ||   217
Block: Shield            |    57 |    59 |    91 |   272 ||   479

Table legend:
 A = Non-vault XP
 B = Vault XP
 C = Vault XP percentage of total XP
 D = Non-vault monster count
 E = Vault monster count
 F = Vault count percentage of total count
                 A         B        C        D         E       F
            +---------+---------+-------+---------+---------+-------
      Total |   26384 |    8074 |  23.4 |     291 |      45 |  13.4
            +---------+---------+-------+---------+---------+-------
        D:1 |      36 |       0 |   0.0 |      22 |       0 |   0.0
        D:2 |      58 |      91 |  61.1 |      21 |      22 |  51.2
        D:3 |      59 |       0 |   0.0 |       9 |       0 |   0.0
        D:4 |     664 |       0 |   0.0 |      27 |       0 |   0.0
        D:5 |     923 |       3 |   0.3 |      23 |       1 |   4.2
        D:6 |     758 |     923 |  54.9 |      13 |       3 |  18.8
        D:7 |     833 |     175 |  17.4 |      12 |       1 |   7.7
        D:8 |     680 |       0 |   0.0 |       8 |       0 |   0.0
        D:9 |    2717 |       0 |   0.0 |      42 |       0 |   0.0
       D:10 |    1970 |    2553 |  56.4 |      29 |       4 |  12.1
       D:11 |    3807 |     916 |  19.4 |      28 |      10 |  26.3
     Lair:1 |    3578 |       0 |   0.0 |      16 |       0 |   0.0
     Lair:2 |    5584 |    3413 |  37.9 |      21 |       4 |  16.0
     Lair:3 |    4717 |       0 |   0.0 |      20 |       0 |   0.0
            +---------+---------+-------+---------+---------+-------
